 Dungeon Crawl Stone Soup version 0.13.1-34-g5444d2b (webtiles) character file.

914 Iskender the Sneak (level 7, -4/30 HPs)
             Began as a Felid Chaos Knight on Mar 25, 2014.
             Was a Believer of Vehumet.
             Hit by an orcish spear thrown by an orc (10 damage)
             ... on Level 7 of the Dungeon.
             The game lasted 00:58:26 (8327 turns).

Iskender the Sneak (Felid Chaos Knight)             Turns: 8327, Time: 00:58:27

HP  -4/30        AC  2     Str  8      XL: 7   Next: 45%
MP  11/15        EV 18     Int 16      God: Vehumet [**....]
Gold 182         SH  0     Dex 15      Spells:  3 memorised,  5 levels left
Lives: 0, deaths: 2

Res.Fire  : . . .   See Invis. : +     - Unarmed
Res.Cold  : . . .   Warding    : .   (armour unavailable)
Life Prot.: . . .   Conserve   : .   (shield unavailable)
Res.Poison: .       Res.Corr.  : .   (helmet unavailable)
Res.Elec. : .       Clarity    : +   (cloak unavailable)
Sust.Abil.: . .     Spirit.Shd : .   (gloves unavailable)
Res.Mut.  : .       Stasis     : .   (boots unavailable)
Res.Rott. : .       Flight     : .   o - amulet of clarity
Saprovore : . . .                    (no ring)
                                     (no ring)

@: very slightly contaminated, quick, somewhat resistant to hostile
enchantments, very stealthy
A: paw claws, no armour, no advanced items, fangs 3, see invisible, carnivore 3,
speed 1, slow metabolism 1, AC +2
a: Renounce Religion


You were on level 7 of the Dungeon.
You worshipped Vehumet.
Vehumet was pleased with you.
You were not hungry.

You visited 2 branches of the dungeon, and saw 9 of its levels.

You collected 222 gold pieces.
You spent 60 gold pieces at shops.

Inventory:

Comestibles
 c - 6 meat rations
Scrolls
 a - 2 scrolls of fear
 b - a scroll of teleportation {unknown}
 f - a scroll of curse jewellery {unknown}
 i - a scroll of fog {unknown}
 j - a scroll of curse weapon {unknown}
 k - 3 scrolls of remove curse {unknown}
 l - a scroll of amnesia {unknown}
 m - a scroll of magic mapping {unknown}
 p - a scroll of curse armour {unknown}
 x - a scroll of silence
Jewellery
 o - an amulet of clarity (around neck)
Potions
 d - a potion of slowing {unknown}
 e - a potion of curing
 g - 2 potions of restore abilities {unknown}
 h - 2 potions of magic {unknown}
 n - a potion of flight {unknown}
 q - a potion of degeneration {unknown}
 r - a potion of might {unknown}
 s - a potion of confusion {unknown}
 t - 2 potions of heal wounds {unknown}
 u - a potion of paralysis {unknown}
 w - a potion of agility {unknown}
Books
 v - a book of Clouds

   Spells                             Type                      Level
   Mephitic Cloud                     Conjuration/Poison/Air       3
   *Conjure Flame                     Conjuration/Fire             3
   Poisonous Cloud                    Conjuration/Poison/Air       6
   Freezing Cloud                     Conjuration/Ice/Air          6
   Ring of Flames                     Charms/Fire                  7


   Skills:
 - Level 3.0 Fighting
 - Level 3.7 Dodging
 - Level 6.1 Stealth
 - Level 4.2 Unarmed Combat
 - Level 2.0 Spellcasting
 + Level 5.3 Conjurations
 + Level 4.7 Fire Magic
 - Level 1.1 Poison Magic


You had 5 spell levels left.
You knew the following spells:

 Your Spells              Type           Power        Failure   Level  Hunger
u - Conjure Flame         Conj/Fire      ###.....     10%         3    ####...
y - Flame Tongue          Conj/Fire      ###..        2%          1    #......
z - Sting                 Conj/Pois      ##..         8%          1    #......


Dungeon Overview and Level Annotations

Branches:
Dungeon (8/27)             Temple (1/1) D:5
    Orc: D:6-11        Lair: D:8-13

Altars:
Ashenzari
Cheibriados
Elyvilon
Fedhas
Kikubaaqudgha
Okawaru
Sif Muna
Vehumet
Zin

Annotations:
D:3 exclusion: ogre, Sigmund; teukkam's ghost, average DrAK
D:5 exclusion: centaur, Blork the orc
D:6 Pikel
D:7 exclusion: upstairs


Innate Abilities, Weirdness & Mutations

You cannot wear armour.
You are incapable of any advanced item manipulation.
Your paws have sharp claws.
You have razor-sharp teeth.
You have supernaturally acute eyesight.
You are carnivorous and can eat meat at any time.
You cover ground quickly.
You are covered in thick fur (AC +2).
You have a slow metabolism.


Message History

* * * LOW HITPOINT WARNING * * *
The orc wizard mumbles some strange words.
You feel troubled.
Read which item? (? for menu, Esc to quit)
As you read the scroll of fear, it crumbles to dust.
You assume a fearsome visage.
The orc wizard looks frightened!
The orc looks frightened!
The orc wizard gestures wildly while chanting.
The orc wizard flickers and vanishes for a moment.
Casting: Sting
Confirm with . or Enter, or press ? or * to list all spells.
Aiming: Sting
Press: ? - help, Shift-Dir - straight line, f - orc
Aim: an orc, wielding an orcish dagger (retreating)
The sting misses the orc.
The sting hits the orc wizard.
The orc wizard is lightly wounded.
The orc misses you.
The orc throws an orcish spear.
The orcish spear misses you.
The orc throws an orcish spear.
The orcish spear hits you!
You die...

#.......### ###.......#.##
##.#..........##
#..............#
##.#.(......#.## ###.).)...####
##.......# #..<.....#
#####.@.....# ##.###.......## ##
#...##........# ##.#
##...#.......## #
####...####..#o......###########
.....$..........................
................................
................................
................................


You could see an orc.

Vanquished Creatures
  2 hungry ghosts
  A sky beast (D:7)
  A black bear (D:7)
  2 ogres
  2 slaves
  An orc warrior (D:7)
  A giant frog (D:6)
  A crimson imp (D:7)
  A centaur skeleton (D:4)
  3 jellies
  4 worker ants
  3 scorpions
  An ogre zombie (D:7)
  An ogre skeleton (D:5)
  9 adders
  3 gnolls (D:7)
  An inept feature mimic (D:5)
  A worm (D:2)
  A giant mite (D:2)
  A giant eyeball (D:5)
  7 giant geckos
  4 oozes
  8 orcs
  7 bats
  A bat skeleton (D:5)
  6 giant cockroaches
  12 goblins
  10 hobgoblins
  18 jackals
  5 quokkas
  A ball python (D:4)
  4 giant newts
  A goblin zombie (D:5)
  8 kobolds
  14 rats
  A rat skeleton (D:6)
  A rat zombie (D:5)
148 creatures vanquished.

Notes
Turn   | Place    | Note
--------------------------------------------------------------
     0 | D:1      | Iskender, the Felid Chaos Knight, began the quest for the Orb.
     0 | D:1      | Reached XP level 1. HP: 9/9 MP: 2/2
    23 | D:1      | Reached skill level 1 in Stealth
   218 | D:1      | Reached XP level 2. HP: 2/13 MP: 3/3
   824 | D:1      | XOM: divination: detect creatures
  1203 | D:1      | Reached skill level 4 in Stealth
  1254 | D:2      | Reached XP level 3. HP: 14/16 MP: 5/5
  1295 | D:2      | Found a deep blue altar of Sif Muna.
  1342 | D:2      | XOM: confuse monster(s)
  1564 | D:2      | XOM: god gift: scroll labeled IXUITE THRO DIA
  1754 | D:1      | XOM is BORED!
  1754 | D:1      | XOM: mild Tloc miscast
  1814 | D:1      | XOM: god gift: 7 darts of flame
  2401 | D:2      | XOM: snakes to sticks
  2460 | D:2      | Reached XP level 4. HP: 13/20 MP: 7/7
  2695 | D:1      | XOM: scenery: 1 doors open, 4 doors close
  2871 | D:1      | XOM: vitrification
  2880 | D:2      | XOM: harmless Pois miscast
  3399 | D:2      | Found a radiant altar of Vehumet.
  3408 | D:2      | Fell from the grace of Xom
  3408 | D:2      | Became a worshipper of Vehumet
  3699 | D:2      | Reached skill level 5 in Stealth
  4125 | D:3      | Found Zin's Purification Station.
  4127 | D:3      | Found a glowing silver altar of Zin.
  4132 | D:3      | Bought a potion of curing for 60 gold pieces
  4198 | D:3      | Noticed Sigmund
  4300 | D:3      | Noticed teukkam's ghost (average DrAK)
  4403 | D:3      | Reached XP level 5. HP: 23/23 MP: 8/8
  4466 | D:3      | Found a white marble altar of Elyvilon.
  4466 | D:3      | Found a snail-covered altar of Cheibriados.
  4493 | D:3      | Noticed an ogre
  4804 | D:4      | Reached skill level 6 in Stealth
  4950 | D:4      | Acquired Vehumet's first power
  4950 | D:4      | Offered knowledge of Sting by Vehumet.
  4953 | D:4      | Learned a level 1 spell: Sting
  5275 | D:3      | Killed an ogre
  5275 | D:3      | Gained mutation: You are covered in thick fur (AC +2). [growing up]
  5275 | D:3      | Reached XP level 6. HP: 23/27 MP: 5/10
  5371 | D:4      | Reached skill level 1 in Poison Magic
  5749 | D:5      | Entered Level 5 of the Dungeon
  5765 | D:5      | Found a staircase to the Ecumenical Temple.
  5786 | D:5      | Offered knowledge of Flame Tongue by Vehumet.
  5799 | D:4      | Learned a level 1 spell: Flame Tongue
  5827 | Temple   | Entered the Ecumenical Temple
  5885 | D:5      | Paralysed by a giant eyeball for 4 turns
  5935 | D:5      | Reached skill level 1 in Spellcasting
  6059 | D:5      | Found an ancient bone altar of Kikubaaqudgha.
  6059 | D:5      | Found an iron altar of Okawaru.
  6300 | D:5      | Noticed Blork the orc
  6360 | D:6      | Noticed a hungry ghost
  6374 | D:6      | Splashed by a jelly's acid
  6375 | D:6      | Reached XP level 5. HP: 0/23 MP: 9/9
  6584 | D:5      | Killed a hungry ghost
  6584 | D:5      | Reached XP level 6. HP: 9/27 MP: 11/13
  6758 | D:6      | Reached skill level 1 in Fire Magic
  6773 | D:6      | XOM: noise
  6822 | D:6      | Learned a level 3 spell: Conjure Flame
  6872 | D:6      | Noticed a centaur
  6959 | D:6      | Reached XP level 7. HP: 30/30 MP: 13/15
  7292 | D:7      | Offered knowledge of Stone Arrow by Vehumet.
  7296 | D:7      | Slain by an orc warrior
  7297 | D:7      | Reached XP level 6. HP: -1/27 MP: 6/13
  7556 | D:7      | Reached XP level 7. HP: 28/30 MP: 13/15
  7661 | D:6      | Noticed Pikel
  7982 | D:7      | Reached skill level 5 in Conjurations
  8327 | D:7      | Hit by an orcish spear thrown by an orc

Action                   |  1- 3 |  4- 6 |  7- 9 || total
-------------------------+-------+-------+-------++-------
Melee: Unarmed           |   146 |   212 |    49 ||   407
 Cast: Sting             |       |    67 |    40 ||   107
       Flame Tongue      |       |    16 |    41 ||    57
  Use: Scroll            |       |     5 |     1 ||     6
       Potion            |       |     1 |     1 ||     2
 Stab: Sleeping          |     6 |     8 |     2 ||    16
